Map: Lost and Found LE

Players

PtitDrogo

  • Race: Protoss Protoss
  • Spawn Location: 7:00

HellraiseR - Winner!

  • Race: Protoss Protoss
  • League: Master
  • Spawn Location: 1:00

Event: HomeStory Cup XVII

VOD

Have the link to the VOD?

Description

Time

  • Played on: June 29, 2018, 10:42 a.m.
  • Length: 9:57

All games in this series

Show
View Real Time Build Order
Export as new Build Order

PtitDrogo Protoss 

Build Orders: Phoenix Opening 

Get SALT Encoding   

  12  0:00  Probe  
  13  0:13  Probe  
  14  0:16  Pylon  
  14  0:23  Probe  
  15  0:31  Probe  
  15  0:38  Gateway  
  15  0:40  Probe  
  16  0:46  Assimilator  
  17  0:51  Probe  
  18  0:59  Assimilator  
  18  1:00  Probe  
  19  1:08  Probe  
  19  1:09  Gateway  
  19  1:18  Probe  
  20  1:25  Cybernetics Core  
  21  1:30  Probe  
  22  1:33  Pylon  
  22  1:42  Probe  
  23  1:53  Warp Gate  
  23  1:54  Probe  
  24  2:01  Sentry, Stalker  
  28  2:14  Pylon  
  28  2:29  Stalker  
  30  2:32  Stalker  
  32  2:45  Nexus  
  32  2:52  Shield Battery  
  32  2:55  Probe  
  35  3:05  Sentry, Stalker  
  35  3:07  Phoenix  
  35  3:09  Probe  
  38  3:17  Pylon  
  38  3:21  Probe  
  39  3:28  Shield Battery  
  39  3:35  Probe  
  39  3:40  Robotics Facility  
  39  3:47  Probe  
  40  3:56  Stalker  
  42  4:03  Stalker  
  44  4:10  Probe x2  
  46  4:18  Probe  
  46  4:19  Probe  
  48  4:26  Probe  
  48  4:27  Probe  
  50  4:33  Observer  
  50  4:37  Adept x2  
  55  4:40  Probe  
  56  4:46  Probe, Pylon  
  56  4:51  Probe  
  58  4:56  Probe  
  58  4:58  Forge  
  58  4:59  Probe  
  56  5:04  Probe  
  57  5:07  Probe  
  57  5:08  Immortal  
  59  5:14  Probe  
  59  5:18  Probe  
  61  5:25  Protoss Ground Weapons Level 1  
  61  5:27  Probe  
  62  5:29  Assimilator  
  62  5:30  Assimilator  
  62  5:33  Adept  
  62  5:35  Adept  
  66  5:37  Probe  
  66  5:39  Probe  
  68  5:47  Pylon  
  68  5:49  Pylon  
  68  5:59  Pylon  
  68  6:05  Immortal, Twilight Council  
  72  6:14  Gateway  
  72  6:15  Gateway  
  72  6:22  Stalker x2  
  74  6:36  Immortal, Charge  
  74  6:49  Templar Archives  
  74  6:50  Gateway  
  74  6:51  Gateway  
  74  6:54  Probe  
  75  6:55  Probe  
  75  6:58  Protoss Ground Weapons Level 2  
  76  7:02  Gateway  
  76  7:06  Gateway  
  76  7:10  Probe x2  
  76  7:12  Observer  
  78  7:18  Warp Prism  
  80  7:31  Pylon  
  80  7:32  Pylon  
  80  7:42  Pylon  
  80  7:47  Pylon  
  79  7:54  High Templar x4  
  79  7:55  Zealot x2  
  91  8:00  Archon x2  
  91  8:05  Nexus  
  91  8:12  Pylon  
  91  8:27  Observer  
  91  8:30  Zealot x5  
  91  8:31  Zealot  
  91  8:32  Zealot  
  94  9:07  High Templar x3  
  94  9:08  High Templar, Zealot x4  
  106  9:12  Archon x2  
  106  9:30  High Templar x2  
  108  9:31  Zealot x2  
  98  9:38  Archon  
  98  9:45  Zealot x4  
  86  9:52  Zealot x2  
Show
View Real Time Build Order
Export as new Build Order

HellraiseR Protoss - Winner!

Build Orders: Oracle Opening, Zealot Archon 

Get SALT Encoding   

  12  0:00  Probe  
  13  0:12  Probe  
  14  0:17  Pylon  
  14  0:21  Probe  
  15  0:31  Probe  
  16  0:37  Gateway  
  16  0:40  Probe  
  16  0:45  Assimilator  
  17  0:51  Probe  
  17  0:54  Assimilator  
  18  0:59  Probe  
  19  1:07  Gateway, Probe  
  20  1:19  Probe  
  20  1:23  Cybernetics Core  
  21  1:31  Probe  
  22  1:34  Pylon  
  22  1:43  Probe  
  23  1:55  Probe  
  23  1:59  Stalker x2  
  23  2:00  Warp Gate  
  28  2:07  Probe  
  29  2:12  Pylon  
  29  2:21  Stargate  
  29  2:47  Nexus  
  29  2:53  Oracle, Shield Battery  
  29  2:56  Probe  
  33  3:09  Probe  
  34  3:18  Twilight Council  
  35  3:28  Stalker  
  38  3:39  Pylon  
  38  3:43  Probe  
  39  3:49  Oracle  
  39  3:57  Probe  
  39  3:59  Probe  
  39  4:02  Blink  
  42  4:08  Probe  
  42  4:09  Probe  
  43  4:16  Probe  
  44  4:21  Probe  
  46  4:26  Probe  
  46  4:29  Pylon  
  46  4:30  Stalker  
  49  4:33  Probe  
  49  4:36  Stalker  
  49  4:38  Probe  
  53  4:40  Pylon  
  53  4:45  Probe  
  54  4:49  Forge  
  54  4:50  Probe  
  55  4:57  Probe  
  55  4:59  Stalker x2  
  57  5:04  Assimilator  
  57  5:12  Probe  
  57  5:13  Protoss Ground Weapons Level 1  
  56  5:15  Probe  
  56  5:24  Probe  
  56  5:26  Assimilator  
  56  5:27  Probe  
  58  5:29  Robotics Facility  
  58  5:37  Probe  
  58  5:38  Stalker  
  58  5:39  Probe  
  58  5:41  Stalker  
  64  5:49  Probe  
  65  5:51  Probe  
  66  6:01  Probe  
  66  6:03  Probe  
  68  6:04  Stalker x2  
  68  6:07  Charge  
  72  6:13  Probe  
  72  6:15  Probe  
  74  6:25  Probe  
  75  6:27  Probe  
  75  6:28  Stalker  
  78  6:37  Pylon  
  78  6:38  Probe, Pylon  
  75  6:42  Probe  
  75  6:46  Probe  
  72  6:49  Protoss Ground Weapons Level 2  
  72  6:52  Stalker x2  
  77  6:54  Probe  
  77  6:55  Gateway, Probe  
  77  6:58  Gateway  
  79  7:02  Gateway  
  79  7:06  Probe  
  79  7:07  Gateway x2  
  80  7:11  Gateway  
  80  7:12  Templar Archives  
  80  7:20  Pylon  
  80  7:21  Warp Prism  
  80  7:26  Zealot  
  80  7:27  Zealot  
  84  7:36  Pylon  
  86  7:43  Pylon  
  86  7:51  High Templar x3  
  92  7:53  High Templar  
  92  7:56  Archon, Pylon  
  92  7:57  Archon, Pylon  
  94  7:58  Zealot  
  94  8:03  Zealot x2  
  100  8:07  Pylon  
  100  8:08  Zealot  
  102  8:22  Zealot  
  102  8:23  High Templar x2  
  102  8:24  Zealot x3  
  114  8:27  Archon  
  114  8:28  Zealot x2  
  118  8:44  Zealot x2  
  118  8:45  Zealot x2  
  124  9:06  Zealot x3  
  124  9:07  Zealot x5  
  140  9:19  Pylon  
  140  9:23  Nexus  
  140  9:36  Zealot x5  
  124  9:47  Zealot x3  
Tags
 
Add a new tag
Caveats
  • Supply blocks, unpowered buildings, or Contaminate may cause inaccurate times.
  • Supply counts are checked every 10 seconds.